 Dungeon Crawl Stone Soup version 0.22.0-13-g43fe8f2 (webtiles) character file.

29638 doot the Unseen (level 13, -6/78 HPs)
             Began as a Spriggan Enchanter on Aug 15, 2018.
             Was a High Priest of Makhleb.
             Mangled by a dream sheep (28 damage)
             ... on level 4 of the Lair of Beasts on Aug 16, 2018.
             The game lasted 01:41:32 (20235 turns).

doot the Unseen (Spriggan Enchanter)               Turns: 20235, Time: 01:41:32

Health: -6/78      AC:  7    Str:  4    XL:     13   Next: 16%
Magic:  17/29      EV: 18    Int: 17    God:    Makhleb [*****.]
Gold:   561        SH:  0    Dex: 21    Spells: 7/35 levels left

rFire    . . .     SeeInvis +   (weapon currently unavailable)
rCold    . . .     Gourm    .   (shield currently unavailable)
rNeg     . . .     Faith    .   (armour currently unavailable)
rPois    +         Spirit   .   (helmet currently unavailable)
rElec    .         Reflect  .   (cloak currently unavailable)
rCorr    .         Harm     .   (gloves unavailable)
MR       ++...                  (boots unavailable)
Stlth    +++++++...             (no amulet)
HPRegen  0.23/turn              h - ring of wizardry
MPRegen  0.21/turn              t - +5 ring of evasion

@: hydra-form, sleeping, very slightly contaminated
A: very large, unfitting armour, see invisible, herbivore, slow metabolism 2
a: End Transformation, Minor Destruction, Lesser Servant of Makhleb, Major
Destruction, Greater Servant of Makhleb, Renounce Religion


You were on level 4 of the Lair of Beasts.
You worshipped Makhleb.
Makhleb was extremely pleased with you.
You were not hungry.
You were a four-headed hydra.
You visited 4 branches of the dungeon, and saw 17 of its levels.
You also visited: Labyrinth and Sewer.

You collected 631 gold pieces.
You spent 70 gold pieces at shops.

Inventory:

Hand Weapons
 b - a +3 short sword
 k - a +1 dagger
 p - a +1 short sword of venom
 E - a +4 dagger of distortion (melded)
 J - a +2 short sword of distortion
 R - a +0 scimitar of flaming
 T - a +4 blowgun
Missiles
 o - 82 poisoned needles
 A - 9 curare-tipped needles
 K - 5 needles of sleeping
 N - 6 throwing nets (quivered)
Armour
 c - a +0 robe
 F - a cursed +0 robe (melded)
Magical Staves
 O - an uncursed staff of wizardry
 P - an uncursed staff of air
 U - an uncursed staff of conjuration
Jewellery
 h - a ring of wizardry (left foreclaw)
 t - a +5 ring of evasion (right foreclaw)
 v - an uncursed ring of protection from fire
 w - an uncursed ring of protection from magic
 H - an uncursed ring of resist corrosion
Wands
 x - a wand of digging (7)
 B - a wand of paralysis (16)
 D - a wand of acid (15)
 G - a wand of flame (79)
 I - a wand of enslavement (26)
 L - a wand of iceblast (29)
Scrolls
 f - a scroll of enchant armour {unknown}
 g - a scroll of vulnerability {unknown}
 i - 4 scrolls of teleportation
 l - 13 scrolls of remove curse
 q - a scroll of fog {unknown}
 r - a scroll of magic mapping
 s - 2 scrolls of noise {unknown}
 u - 2 scrolls of blinking
 y - 2 scrolls of enchant weapon {unknown}
 z - 4 scrolls of amnesia
 M - 2 scrolls of silence {unknown}
 Q - 2 scrolls of random uselessness {unknown}
 V - a scroll of holy word {unknown}
 W - 2 scrolls of identify
Potions
 e - 9 potions of curing
 j - 2 potions of heal wounds
 m - 4 potions of might
 n - 8 potions of flight
 C - a potion of lignification
 S - a potion of berserk rage
 X - a potion of brilliance {unknown}
 Y - a potion of invisibility {unknown}
Miscellaneous
 a - a fan of gales
Comestibles
 d - 17 rations


   Skills:
 + Level 3.3 Fighting
 + Level 8.5 Short Blades
 + Level 2.1 Throwing
 + Level 7.5 Dodging
 + Level 16.8 Stealth
 + Level 0.4 Unarmed Combat
 + Level 11.9 Spellcasting
 + Level 0.3 Conjurations
 + Level 10.2 Hexes
 + Level 0.2 Charms
 + Level 1.6 Translocations
 * Level 8.4 Transmutations
 + Level 5.5 Ice Magic
 * Level 5.1 Invocations


You had 7 spell levels left.
You knew the following spells:

 Your Spells              Type           Power        Failure   Level  Hunger
a - Corona                Hex            #####..      1%          1    None
b - Ensorcelled Hibernat  Hex/Ice        #####.       1%          2    None
c - Blink                 Tloc           N/A          2%          2    None
d - Confuse               Hex            #####...     1%          3    None
e - Ozocubu's Armour      Chrm/Ice       ###.....     2%          3    None
f - Throw Icicle          Conj/Ice       ###.....     9%          4    ##.....
g - Dragon Form           Tmut           #####.....   56%         7    #######
h - Hydra Form            Tmut           #####.....   13%         6    ######.

Your spell library contained the following spells:

 Spells                   Type           Power        Failure   Level  Hunger
 Magic Dart               Conj           ##..         2%          1    None
 Conjure Flame            Conj/Fire      ##......     9%          3    None
 Bolt of Magma            Conj/Fire/Erth ##........   56%         5    ####...
 Slow                     Hex            #####...     1%          2    None
 Throw Frost              Conj/Ice       ###...       1%          2    None
 Mephitic Cloud           Conj/Pois/Air  ##......     9%          3    None
 Freeze                   Ice            ####         1%          1    None
 Summon Ice Beast         Ice/Summ       ###.....     9%          4    ##.....
 Call Imp                 Summ           ##......     4%          2    None
 Tukima's Dance           Hex            #####...     1%          3    None
 Iron Shot                Conj/Erth      ##........   98%         6    ######.
 Stone Arrow              Conj/Erth      ##....       9%          3    None
 Statue Form              Tmut/Erth      ###......    56%         6    ######.
 Passwall                 Tmut/Erth      ###.....     1%          2    None
 Shatter                  Erth           ##........   100%        9    #######
 Lee's Rapid Deconstruct  Erth           ##........   58%         5    ####...
 Sandblast                Erth           ##....       2%          1    None
 Petrify                  Tmut/Erth      ###.....     4%          4    ##.....
 Leda's Liquefaction      Hex/Erth       ####......   3%          4    ##.....
 Dazzling Spray           Conj/Hex       ####..       1%          3    None
 Irradiate                Conj/Tmut      ####......   13%         5    ####...


Dungeon Overview and Level Annotations

Branches:
Dungeon (11/15)            Temple (1/1) D:6            Lair (4/6) D:8
  Swamp (0/4) Lair:4       Spider (0/4) Lair:3          Orc (1/2) D:11

Altars:
Ashenzari
Cheibriados
Dithmenos
Elyvilon
Fedhas
Gozag
Hepliaklqana
Kikubaaqudgha
Makhleb
Nemelex Xobeh
Okawaru
Qazlal
Ru
Sif Muna
Trog
Uskayaw
Vehumet
Wu Jian
Xom
Yredelemnul
Zin
The Shining One

Shops:
D:6 !

Annotations:
D:10 doot's ghost, journeyman DrCK
Lair:3 2 transporters, nubinia's ghost, journeyman GnEE


Innate Abilities, Weirdness & Mutations

You are very small and have problems with some larger weapons.
You are too small for most types of armour.
You have supernaturally acute eyesight. (SInv)
You are a herbivore.
((You cover ground extremely quickly.))
You need to consume almost no food.


Message History

The dream sheep bites you!
The dream sheep are wreathed in dream dust.
You feel drowsy...
You fall asleep.
The dream sheep barely misses you. The dream sheep completely misses you.
The dream sheep bites you!
You wake up.
The dream sheep bites you. The dream sheep closely misses you.
The dream sheep bites you!
* * * LOW HITPOINT WARNING * * *
Casting: Hydra Form (quite dangerous; 13% risk of failure)
Confirm with . or Enter, or press ? or * to list all spells.
You blink.
The dream sheep bites you.
* * * LOW HITPOINT WARNING * * *
Casting: Blink (safe; 2% risk of failure)
Confirm with . or Enter, or press ? or * to list all spells.
You blink.
The dream sheep shake their wool and sparkle.
You feel drowsy...
You fall asleep.
The dream sheep "Baaaas" balefully.
The dream sheep bites you!!
You die...

..##
#............#
...##
#............#
....#
#............#
...##
#......##...##
...#
##...####Y.Y###
.### ....
#P.Y..# ##
##..### # ##Y.#
#D.## #### #.
#.. ... .. .. #
#... #.#..
#.....


You could see 3 dream sheep.

Vanquished Creatures
  Snorg (Lair:3)
  Harold (Lair:2)
  A hydra (Lair:4)
  Erica (Lair:1)
  Urug (Lair:1)
  Sonja (D:10)
  2 ugly things (D:11)
  Psyche (D:8)
  3 black mambas
  4 spiny frogs
  4 komodo dragons
  A troll (D:11)
  7 blink frogs (Lair:2)
  A queen bee (D:8)
  A tyrant leech (Lair:3)
  4 hippogriffs
  3 redbacks (Lair:3)
  A wyvern (D:11)
  A spriggan (D:7)
  Grum (D:9)
  45 yaks
  4 hungry ghosts
  9 water moccasins
  9 porcupines
  5 orc warriors
  2 sky beasts
  4 black bears
  2 phantoms
  5 ogres
  2 ice beasts (D:10)
  13 wolves
  2 necrophages
  2 centaurs
  6 crocodiles
  4 big kobolds
  12 bullfrogs
  An earth elemental (Lab)
  2 scorpions
  12 killer bees
  4 wights (D:7)
  5 howler monkeys
  3 crimson imps
  A bullfrog zombie (D:7)
  A jelly (D:5)
  3 centaur zombies
  2 centaur skeletons
  10 hounds
  2 bullfrog skeletons
  6 orc priests
  20 orc wizards
  4 iguanas
  7 worker ants
  A killer bee zombie (D:7)
  2 hound skeletons (D:5)
  A howler monkey zombie (D:11)
  7 gnolls
  A howler monkey skeleton (D:6)
  10 adders
  A river rat (D:3)
  A shadow imp (D:9)
  2 oozes
  An adder skeleton (D:4)
  A worm (D:2)
  3 dart slugs
  4 leopard geckos
  54 orcs
  3 bats
  7 giant cockroaches
  6 goblins
  5 hobgoblins
  12 jackals
  6 quokkas
  7 ball pythons
  3 frilled lizards
  A jackal skeleton (D:4)
  A jackal zombie (D:8)
  25 kobolds
  2 leopard gecko skeletons
  14 rats
430 creatures vanquished.

Vanquished Creatures (others)
  An unseen horror (D:11)
  An orc wizard (D:11)
  An orc priest (D:11)
  5 orcs
  A leopard gecko zombie (D:6)
  2 fungi
  17 plants
28 creatures vanquished.

Grand Total: 458 creatures vanquished

Notes
Turn   | Place    | Note
-------+----------+-------------------------------------------
     0 | D:1      | doot the Spriggan Enchanter began the quest for the Orb.
     0 | D:1      | Reached XP level 1. HP: 9/9 MP: 5/5
   335 | D:1      | Reached XP level 2. HP: 7/13 MP: 2/6
   349 | D:1      | Learned a level 2 spell: Ensorcelled Hibernation
   746 | D:2      | Reached skill level 5 in Stealth
   750 | D:2      | Reached XP level 3. HP: 16/16 MP: 4/8
  1025 | D:2      | Found an ancient bone altar of Kikubaaqudgha.
  1315 | D:3      | Learned a level 2 spell: Blink
  1319 | D:3      | Learned a level 3 spell: Confuse
  1394 | D:3      | Found a glowing drain.
  1402 | D:3      | Reached skill level 6 in Stealth
  1406 | D:3      | Reached XP level 4. HP: 9/21 MP: 0/9
  1426 | Sewer    | Entered a sewer
  1978 | Sewer    | Noticed a big kobold
  1978 | Sewer    | Noticed a big kobold
  2183 | Sewer    | Killed a big kobold
  2183 | Sewer    | Reached XP level 5. HP: 24/24 MP: 0/11
  2266 | Sewer    | Reached skill level 7 in Stealth
  2942 | D:3      | Reached XP level 6. HP: 23/28 MP: 7/12
  3801 | D:4      | Reached skill level 8 in Stealth
  4047 | D:4      | Reached skill level 1 in Ice Magic
  4499 | D:4      | Found a sacrificial altar of Ru.
  4519 | D:4      | HP: 1/29 [orc wizard/dagger (4)]
  4522 | D:4      | Reached XP level 7. HP: 8/32 MP: 0/14
  4864 | D:4      | Reached skill level 5 in Hexes
  5010 | D:5      | Entered Level 5 of the Dungeon
  5087 | D:5      | Reached skill level 5 in Spellcasting
  5121 | D:5      | Learned a level 3 spell: Ozocubu's Armour
  5725 | D:6      | Found Xuvais's Distillery.
  5737 | D:6      | Bought a potion of heal wounds for 70 gold pieces
  5788 | D:6      | Found a hide-covered altar of Uskayaw.
  5875 | D:6      | Reached skill level 9 in Stealth
  5886 | D:6      | Found a white marble altar of Elyvilon.
  6042 | D:6      | Reached XP level 8. HP: 11/37 MP: 13/17
  6390 | D:6      | Found a staircase to the Ecumenical Temple.
  6584 | Temple   | Entered the Ecumenical Temple
  6776 | Temple   | Became a worshipper of Makhleb the Destroyer
  6944 | D:6      | Reached skill level 10 in Stealth
  7263 | D:7      | Noticed a hippogriff
  7276 | D:7      | Killed a hippogriff
  7276 | D:7      | Reached skill level 1 in Fighting
  7276 | D:7      | Reached skill level 5 in Short Blades
  7800 | D:7      | Reached * piety under Makhleb
  7800 | D:7      | Reached skill level 1 in Throwing
  7800 | D:7      | Reached XP level 9. HP: 23/41 MP: 17/20
  8060 | D:7      | Found a stormy altar of Qazlal.
  8064 | D:7      | Found a shimmering altar of Xom.
  8064 | D:7      | Found a deep blue altar of Sif Muna.
  8189 | D:7      | Reached skill level 5 in Dodging
  8189 | D:7      | Reached skill level 11 in Stealth
  8343 | D:7      | Found a basalt altar of Yredelemnul.
  9064 | D:8      | Found a staircase to the Lair.
  9252 | D:8      | Reached skill level 12 in Stealth
  9312 | D:8      | Learned a level 4 spell: Throw Icicle
  9400 | D:8      | Noticed Psyche
  9418 | D:8      | Killed Psyche
  9451 | D:8      | Reached ** piety under Makhleb
  9563 | D:8      | Reached XP level 10. HP: 46/46 MP: 20/23
 10260 | D:9      | Reached skill level 13 in Stealth
 10335 | D:9      | Noticed Grum
 10348 | D:9      | Killed Grum
 11161 | D:9      | Reached *** piety under Makhleb
 11278 | D:9      | Noticed a cyclops
 11309 | D:10     | Entered Level 10 of the Dungeon
 11428 | D:10     | Learned a level 7 spell: Dragon Form
 11578 | D:10     | Noticed Sonja
 11579 | D:10     | Found a runed door.
 11589 | D:10     | Noticed doot's ghost (journeyman DrCK)
 11596 | D:10     | Killed Sonja
 11596 | D:10     | Reached skill level 14 in Stealth
 11596 | D:10     | Reached skill level 1 in Transmutations
 11596 | D:10     | Reached XP level 11. HP: 41/51 MP: 13/25
 11948 | D:10     | Found a blossoming altar of Fedhas.
 12235 | D:11     | Noticed an unseen horror
 12240 | D:11     | Banished an unseen horror
 12395 | D:11     | Reached **** piety under Makhleb
 12395 | D:11     | Reached skill level 10 in Spellcasting
 12410 | D:11     | Reached skill level 5 in Transmutations
 12800 | D:11     | Noticed a green ugly thing
 12942 | D:11     | Reached skill level 1 in Invocations
 12994 | D:11     | Found a staircase to the Orcish Mines.
 13815 | D:11     | Noticed a green ugly thing
 13830 | D:11     | Killed a green ugly thing
 13949 | D:11     | Reached ***** piety under Makhleb
 14010 | D:11     | Reached skill level 15 in Stealth
 14070 | D:11     | Killed a green ugly thing
 14319 | Orc:1    | Entered Level 1 of the Orcish Mines
 14319 | Orc:1    | Noticed an orc knight
 14468 | Lair:1   | Entered Level 1 of the Lair of Beasts
 14524 | Lair:1   | Noticed Erica
 14810 | Lair:1   | Reached skill level 1 in Translocations
 14924 | Lair:1   | Killed Erica
 14924 | Lair:1   | Reached XP level 12. HP: 56/56 MP: 13/27
 15025 | Lair:1   | Noticed Urug
 15027 | Lair:1   | Killed Urug
 15584 | Lair:1   | You fall through a shaft!
 15949 | Lair:2   | Reached skill level 5 in Ice Magic
 16065 | Lair:2   | Reached skill level 10 in Hexes
 16113 | Lair:2   | Noticed Harold
 16127 | Lair:2   | Killed Harold
 16204 | Lair:2   | You fall through a shaft!
 16221 | Lair:3   | Found a labyrinth entrance.
 16229 | Lair:3   | Found a hole to the Spider Nest.
 16238 | Lab      | Entered a labyrinth
 17018 | Lab      | Noticed a minotaur
 17026 | Lab      | Banished a minotaur
 17026 | Lab      | Reached skill level 16 in Stealth
 18043 | Lair:3   | Learned a level 6 spell: Hydra Form
 18157 | Lair:3   | Noticed Snorg
 18335 | Lair:3   | Found a transporter.
 18335 | Lair:3   | Noticed a six-headed hydra
 18337 | Lair:3   | Noticed a death yak
 18357 | Lair:3   | Found a transporter.
 18358 | Lair:3   | Noticed nubinia's ghost (journeyman GnEE)
 18892 | Lair:3   | Killed Snorg
 18959 | Lair:3   | Reached XP level 13. HP: 60/60 MP: 26/29
 19333 | Lair:3   | Upgraded the game from 0.22.0-6-g71bd7aa to 0.22.0-13-g43fe8f2
 19483 | Lair:4   | Reached skill level 5 in Invocations
 20077 | Lair:4   | Found a staircase to the Swamp.
 20235 | Lair:4   | Mangled by a dream sheep

Skill      XL: |  1  2  3  4  5  6  7  8  9 10 11 12 13 |
---------------+----------------------------------------+-----
Stealth        | 5 6 7 8 9 10 12 14 15 16 | 16.8
Spellcasting   | 3 4 5 7 8 9 10 11 | 11.9
Hexes          | 4 5 6 7 8 9 10 | 10.2
Dodging        | 4 5 6 7 |  7.5
Short Blades   | 2 3 4 5 6 7 8 |  8.5
Ice Magic      | 1 2 4 5 |  5.5
Fighting       | 1 2 3 |  3.3
Throwing       | 1 2 |  2.1
Transmutations | 1 6 8 |  8.4
Invocations    | 2 4 5 |  5.1
Translocations | 1 |  1.6
Unarmed Combat | |  0.4
Conjurations   | |  0.3
Charms         | |  0.2

Action                   |  1- 3 |  4- 6 |  7- 9 | 10-12 | 13-15 || total
-------------------------+-------+-------+-------+-------+-------++-------
Melee: Dagger            |    68 |    40 |       |   349 |    28 ||   485
       Short sword       |       |   128 |   298 |   113 |       ||   539
       Unarmed           |       |       |       |     9 |    14 ||    23
 Fire: Blowgun           |       |       |    14 |     3 |       ||    17
 Cast: Corona            |     7 |     2 |       |       |       ||     9
       Ensorcelled Hiber |    17 |    43 |    49 |   219 |    25 ||   353
       Confuse           |       |    11 |    20 |    52 |     5 ||    88
       Blink             |       |     1 |       |     3 |     2 ||     6
       Ozocubu's Armour  |       |       |     1 |     2 |       ||     3
       Throw Icicle      |       |       |       |     6 |       ||     6
       Hydra Form        |       |       |       |     1 |     2 ||     3
  Use: Scroll            |       |     4 |     3 |    12 |       ||    19
       Potion            |       |     3 |       |     2 |       ||     5
 Stab: Sleeping          |    25 |    37 |    55 |   144 |    11 ||   272
       Distracted        |       |     1 |       |     5 |       ||     6
       Invisible         |       |     1 |       |       |       ||     1
       Paralysed         |       |       |     1 |       |       ||     1
       Confused          |       |       |    11 |    25 |     1 ||    37
  Eat: Ration            |       |     2 |     4 |     5 |     1 ||    12
Armor: Robe              |     4 |     7 |     4 |     5 |     1 ||    21
       Skin              |       |       |       |     1 |     1 ||     2
Dodge: Dodged            |    35 |   182 |   204 |   332 |    35 ||   788
